 Dungeon Crawl Stone Soup version 0.17.1-3-g152610e (webtiles) character file.

63545 Gargoyl the Cleaver (level 14, -2/135 HPs)
             Began as a Demonspawn Abyssal Knight on Mar 15, 2016.
             Was the Champion of Lugonu.
             Slain by a giant leech (15 damage)
             ... on level 1 of the Swamp.
             The game lasted 00:54:33 (17782 turns).

Gargoyl the Cleaver (Demonspawn Abyssal Knight)    Turns: 17782, Time: 00:54:34

Health: -2/135     AC: 32    Str: 17    XL:     14   Next: 68%
Magic:  9/19       EV: 10    Int: 13    God:    Lugonu [******]
Gold:   921        SH:  0    Dex: 21    Spells: 0 memorised, 13 levels left

rFire  . . .     SeeInvis .     X - +2 battleaxe (freeze)
rCold  . . .     Clarity  .     B - +0 plate armour
rNeg   . . .     SustAt   .     (shield currently unavailable)
rPois  .         Gourm    .     y - +1 hat
rElec  .         Spirit   .     K - +2 cloak {MR+}
rCorr  .         Warding  .     V - +1 pair of gloves
rMut   .         Stasis   .     D - +1 pair of boots {run}
MR     +++..                    l - amulet of regeneration
Stlth  ..........               Q - +4 ring of protection
                                G - +2 ring of dexterity

@: agile, grasped by roots, very slightly contaminated, slow, extremely
resistant to hostile enchantments, extremely unstealthy
A: antennae 2, claws 1, rugged brown scales 2, magic resistance 1, powered by
death 2, regeneration 1, robust 1, shaggy fur 1, spiny 3, no device heal 1
a: Depart the Abyss, Bend Space, Banish, Corrupt, Enter the Abyss, Brand Weapon
With Distortion, Renounce Religion


You were on level 1 of the Swamp.
You worshipped Lugonu.
Lugonu was exalted by your worship.
You were not hungry.

You visited 3 branches of the dungeon, and saw 20 of its levels.
You visited the Abyss 2 times.
You also visited: Labyrinth, Sewer and Ice Cave.

You collected 1311 gold pieces.
You spent 390 gold pieces at shops.

Inventory:

Hand Weapons
 N - a +1 battleaxe
 U - the +9 flail of Ojoir {crush, rC+}
   (You found it in a labyrinth)

   It inflicts extra damage upon your enemies.
   It protects you from cold.
 W - a +0 broad axe
 X - a +2 battleaxe of freezing (weapon)
Missiles
 t - 12 tomahawks (quivered)
Armour
 y - a +1 hat (worn)
 B - a +0 plate armour (worn)
 D - a +1 pair of boots of running (worn)
 K - a +2 cloak of magic resistance (worn)
 V - a +1 pair of gloves (worn)
Jewellery
 b - an uncursed ring of magical power
 e - the ring of Shadows {Umbra +Inv rN+ SInv}
   (You found it on level 3 of the Lair of Beasts)

   [ring of invisibility]

   It protects you from negative energy.
   It lets you see invisible.
   It lets you turn invisible.
 g - an uncursed ring of teleportation
 l - an amulet of regeneration (around neck)
 r - an uncursed amulet of clarity {unknown}
 w - an uncursed ring of sustain attributes {unknown}
 z - the ring of Depraggulu {rC++ rN+ Str+6 Stlth-, unknown}
   (You found it on level 8 of the Lair of Beasts)

   [ring of positive energy]

   It affects your strength (+6).
   It greatly protects you from cold.
   It protects you from negative energy.
   It makes you less stealthy.
 E - a +2 ring of dexterity
 G - a +2 ring of dexterity (left hand)
 I - an uncursed ring of protection from fire
 M - an uncursed ring of protection from cold {unknown}
 P - a +2 ring of intelligence {unknown}
 Q - a +4 ring of protection (right hand)
 Y - an uncursed amulet of rage
 Z - the ring "Ketieliw" {SustAt Str+3 Stlth+}
   (You found it in an ice cave)

   [ring of sustain attributes]

   It sustains your strength, intelligence and dexterity.
   It affects your strength (+3).
   It makes you more stealthy.
Wands
 F - a wand of teleportation (8)
Scrolls
 a - 3 scrolls of fear
 m - 6 scrolls of teleportation
 o - a scroll of enchant weapon
 v - 7 scrolls of remove curse
 J - 3 scrolls of recharging
 R - 2 scrolls of fog
 S - 2 scrolls of magic mapping
Potions
 f - 3 potions of agility
 i - 6 potions of curing
 n - 5 potions of berserk rage
 p - 3 potions of resistance
 q - 2 potions of flight
 C - a potion of invisibility
 L - 4 potions of haste
Books
 k - a Necronomicon

   Spells                             Type                      Level
   a - Haunt                          Necromancy/Summoning         7
   b - Borgnjor's Revivification      Necromancy                   8
   c - Death's Door                   Charms/Necromancy            8
   d - Necromutation                  Transmutation/Necromancy     8
Comestibles
 c - 16 bread rations
 d - 5 meat rations
 j - 6 beef jerkies
 s - 20 fruits


   Skills:
 + Level 13.0 Fighting
 + Level 13.7(13.8) Axes
 + Level 2.5(9.5) Maces & Flails
 + Level 1.2 Throwing
 + Level 13.1 Armour
 + Level 6.7 Dodging
 + Level 1.6 Stealth
 + Level 7.0 Invocations


You had 13 spell levels left.
You didn't know any spells.

Dungeon Overview and Level Annotations

Branches:
Dungeon (11/15)            Temple (0/1) D:5            Lair (8/8) D:11
  Swamp (1/4) Lair:6       Spider (0/4) Lair:6        Slime (0/6) Lair:8
    Orc: D:9-12

Altars:
Ashenzari
Elyvilon
Gozag
Kikubaaqudgha
Nemelex Xobeh
Qazlal
Vehumet
Zin
The Shining One

Shops:
D:9 *   D:11 =


Innate Abilities, Weirdness & Mutations

You have a pair of antennae on your head.
You are mostly covered in rugged brown scales (AC +2, +5% HP).
You regenerate health from kills.
You are completely covered in sharp spines.
You have sharp fingernails.
You are resistant to hostile enchantments.
Your natural rate of healing is unusually fast.
You are robust (+10% HP).
You are covered in fur (AC +1).
Potions and wands are less effective at restoring your health.


Message History

* * * LOW HITPOINT WARNING * * *
The giant leech draws strength from your injuries!
Drink which item? (? for menu, Esc to quit)
Okay, then.
Read which item? (? for menu, Esc to quit)
Okay, then.
Drink which item? (? for menu, Esc to quit)
You feel better. The wasp closely misses you.
The spiny frog is struck by your spines.
The spiny frog stings you.
* * * LOW HITPOINT WARNING * * *
The swamp dragon is struck by your spines.
The swamp dragon bites you but does no damage.
The swamp dragon claws you but does no damage.
The swamp dragon closely misses you.
The shambling mangrove barely misses you.
The spriggan rider hits you but does no damage.
The giant leech is struck by your spines.
The giant leech bites you!
You die...

≈≈≈..≈........... .
≈≈≈....≈≈........
.. .....≈≈≈≈.......
..≈ ...≈≈≈≈≈≈...≈..
≈≈.. ♣.≈≈≈≈≈≈≈....
≈≈...♣.Dyi≈≈≈≈.♣
≈≈....wFf§≈≈..♣
≈≈≈≈...@D....♣
≈≈≈≈..y≈♣♣....≈≈≈..
≈≈≈≈..≈♣♣♣>.§.≈≈≈≈≈
≈≈≈.≈♣♣ ..≈♣.≈≈≈≈≈
≈≈≈.♣ ♣♣≈♣.≈≈≈≈.≈
≈≈≈. ♣≈..≈≈≈..≈ ...
♣≈.≈≈≈≈... ♣♣
♣§≈.≈≈≈...


You could see a shambling mangrove, a four-headed hydra, a swamp dragon, a giant
leech, a spriggan rider, a spiny frog and 2 wasps.

Vanquished Creatures
  A frost giant (IceCv)
  The ghost of Clownie the Brawler, a journeyman CeWn of Ru (Lair:8)
  A minotaur (Lab)
  Fannar (Lair:2)
  4 hydras
  4 catoblepae
  17 death yaks
  2 hill giants
  Pikel (D:9)
  An ugly thing (D:11)
  A griffon (Lair:4)
  An oklob plant (Lair:7)
  A wolf spider (Lair:6)
  3 black mambas
  16 spiny frogs
  3 elephants (Lair:5)
  An ice statue (IceCv)
  A torpor snail (Lair:3)
  4 komodo dragons
  4 fire drakes
  The ghost of jesusflecha the Destroyer, a novice HECj (D:9)
  12 polar bears (IceCv)
  2 jumping spiders (Lair:6)
  2 two-headed ogres
  A wyvern (Lair:8)
  A redback (Lair:6)
  A spriggan (Lair:8)
  70 yaks
  A deep elf mage (D:11)
  26 wolves
  10 hippogriffs
  A hungry ghost (D:9)
  3 basilisks
  15 water moccasins
  3 orc warriors
  10 porcupines
  A spider (Lair:6)
  Purgy (Sewer)
  A slave (D:9)
  A swamp drake (Swamp:1)
  4 sky beasts
  A necrophage (D:7)
  2 ice beasts
  2 wasps
  A black bear (D:6)
  A phantom (D:10)
  3 ogres
  13 centaurs
  12 crocodiles
  14 giant frogs
  2 big kobolds
  A water moccasin zombie (D:5)
  5 scorpions
  23 killer bees
  5 wights (D:10)
  3 electric eels
  2 giant frog zombies
  13 jellies
  A quasit (D:10)
  A giant frog skeleton (D:7)
  2 crimson imps
  7 orc priests
  A wasp zombie (D:8)
  3 hounds
  2 centaur zombies
  A centaur skeleton (D:6)
  5 iguanas
  12 orc wizards
  8 worker ants
  14 sheep
  A killer bee zombie (D:6)
  A hound zombie (D:11)
  A hound skeleton (D:7)
  15 adders
  11 gnolls
  66 river rats
  An ooze (Lair:8)
  3 adder zombies
  An adder skeleton (D:4)
  2 worms
  10 giant geckos
  30 orcs
  10 giant cockroaches
  7 hobgoblins
  6 jackals
  4 quokkas
  4 ball pythons
  9 bats
  A giant newt (D:2)
  2 goblins (D:3)
  12 kobolds
  6 rats
  2 fungi
600 creatures vanquished.

Vanquished Creatures (collateral kills)
  A water moccasin (Lair:3)
1 creature vanquished.

Vanquished Creatures (others)
  A shambling mangrove (Swamp:1)
  2 oklob plants (Lair:7)
  A wolf (IceCv)
  A slave (D:9)
  2 fungi (Lair:5)
  A plant (Lair:2)
8 creatures vanquished.

Grand Total: 609 creatures vanquished

Notes
Turn   | Place    | Note
--------------------------------------------------------------
     0 | Abyss:1  | Gargoyl the Demonspawn Abyssal Knight began the quest for the Orb.
     0 | Abyss:1  | Reached XP level 1. HP: 18/18 MP: 2/2
    42 | Abyss:1  | Found a corrupted altar of Lugonu.
   100 | Abyss:1  | Noticed a small abomination
   109 | Abyss:1  | Noticed a lich
   109 | Abyss:1  | Noticed a tentacled starspawn
   112 | D:1      | Escaped the Abyss
   349 | D:1      | Gained mutation: You are partially covered in sharp spines. [demonic ancestry]
   349 | D:1      | Reached XP level 2. HP: 16/24 MP: 3/3
   349 | D:1      | Reached * piety under Lugonu
   903 | D:1      | Found a glowing silver altar of Zin.
   903 | D:1      | Found a white marble altar of Elyvilon.
  1173 | D:2      | Reached skill level 1 in Dodging
  1173 | D:2      | Gained mutation: You are partially covered in rugged brown scales (AC +1, +3% HP). [demonic ancestry]
  1173 | D:2      | Reached XP level 3. HP: 18/29 MP: 5/5
  1328 | D:2      | Gained mutation: You are mostly covered in rugged brown scales (AC +2, +5% HP). [demonic ancestry]
  1328 | D:2      | Reached XP level 4. HP: 26/38 MP: 6/6
  2045 | D:3      | Reached skill level 4 in Fighting
  2069 | D:4      | Gained mutation: You are mostly covered in sharp spines. [demonic ancestry]
  2069 | D:4      | Reached XP level 5. HP: 34/44 MP: 7/7
  2286 | D:3      | Reached ** piety under Lugonu
  2679 | D:3      | Found a glowing drain.
  2690 | Sewer    | Entered a sewer
  2909 | Sewer    | Noticed Purgy
  2916 | Sewer    | Killed Purgy
  2916 | Sewer    | Reached XP level 6. HP: 29/50 MP: 8/8
  3309 | D:4      | Noticed an ice beast
  3318 | D:4      | Killed an ice beast
  3623 | D:4      | Found a stormy altar of Qazlal.
  4063 | D:4      | Gained mutation: You have a pair of small antennae on your head. [demonic ancestry]
  4063 | D:4      | Reached XP level 7. HP: 56/56 MP: 9/9
  4117 | D:5      | Entered Level 5 of the Dungeon
  4201 | D:5      | Gained mutation: Your natural rate of healing is unusually fast. [mutagenic meat]
  4202 | D:5      | Gained mutation: You are resistant to hostile enchantments. [mutagenic meat]
  4203 | D:5      | Gained mutation: You evolve. [mutagenic meat]
  4204 | D:5      | Gained mutation: You have sharp toenails. [mutagenic meat]
  4205 | D:5      | Gained mutation: Potions and wands are less effective at restoring your health. [mutagenic meat]
  4233 | D:5      | Found a staircase to the Ecumenical Temple.
  4350 | D:5      | Reached *** piety under Lugonu
  4588 | D:6      | Gained mutation: You are highly resistant to hostile enchantments. [evolution]
  4699 | D:6      | Reached skill level 5 in Armour
  4803 | D:6      | Gained mutation: You regenerate a little health from kills. [demonic ancestry]
  4803 | D:6      | Reached XP level 8. HP: 64/64 MP: 10/10
  5144 | D:6      | Reached skill level 5 in Fighting
  5241 | D:7      | Reached **** piety under Lugonu
  5241 | D:7      | Cast into the Abyss (orc)
  5342 | Abyss:1  | Noticed a wretched star
  5343 | D:7      | Escaped the Abyss
  5373 | D:7      | Reached skill level 6 in Armour
  5393 | D:7      | Reached skill level 5 in Axes
  5394 | D:7      | Gained mutation: You regenerate health from kills. [demonic ancestry]
  5394 | D:7      | Reached XP level 9. HP: 49/72 MP: 12/12
  5400 | D:7      | Reached skill level 5 in Dodging
  5483 | D:7      | Reached skill level 5 in Invocations
  5843 | D:8      | Found a radiant altar of Vehumet.
  5843 | D:8      | Found a sparkling altar of Nemelex Xobeh.
  5843 | D:8      | Found an ancient bone altar of Kikubaaqudgha.
  5843 | D:8      | Found an opulent altar of Gozag.
  5844 | D:8      | Found a shattered altar of Ashenzari.
  5977 | D:8      | Gained mutation: You are agile. (Dex +2) [evolution]
  6086 | D:8      | Reached skill level 7 in Armour
  6361 | D:8      | Gained mutation: You are covered in fur (AC +1). [mutagenic meat]
  6365 | D:8      | Gained mutation: You are completely covered in rugged brown scales (AC +3, +7% HP). [mutagenic meat]
  6492 | D:9      | Found Teuschoe's Assorted Antiques.
  6508 | D:9      | Noticed Pikel
  6522 | D:9      | Killed Pikel
  6536 | D:9      | Reached skill level 8 in Armour
  6536 | D:9      | Reached XP level 10. HP: 82/82 MP: 14/14
  6664 | D:9      | Reached ***** piety under Lugonu
  6712 | D:9      | Found a glowing golden altar of the Shining One.
  6778 | D:9      | Gained mutation: Your muscles are strong. (Str +2) [evolution]
  6815 | D:9      | Noticed jesusflecha's ghost (novice HECj)
  6826 | D:9      | Killed jesusflecha's ghost
  6826 | D:9      | Reached skill level 1 in Throwing
  7009 | D:10     | Entered Level 10 of the Dungeon
  7230 | D:10     | Noticed a hill giant
  7246 | D:10     | Killed a hill giant
  7441 | D:10     | Identified a scroll of acquirement
  7453 | D:10     | Identified a +1 pair of boots of running (You acquired it on level 10 of the Dungeon)
  7483 | D:10     | Got a scorched cloak
  7494 | D:10     | Identified the -2 cloak of the Black Moon {Int+3 Slay+3} (You acquired it on level 10 of the Dungeon)
  7905 | D:11     | Reached skill level 9 in Armour
  7959 | D:11     | Found a staircase to the Lair.
  8120 | D:11     | Noticed a hill giant
  8129 | D:11     | Killed a hill giant
  8339 | D:11     | Noticed a green ugly thing
  8352 | D:11     | Killed a green ugly thing
  8352 | D:11     | Gained mutation: You have a pair of antennae on your head. [demonic ancestry]
  8352 | D:11     | Reached XP level 11. HP: 27/93 MP: 15/15
  8534 | D:11     | Lost mutation: Your muscles are strong. (Str +2) [mutagenic meat]
  8537 | D:11     | Gained mutation: Your flesh is heat resistant. [mutagenic meat]
  8569 | D:11     | Found Kazxiel's Jewellery Emporium.
  8573 | D:11     | Bought an uncursed amulet of regeneration for 390 gold pieces
  8603 | D:11     | Reached skill level 1 in Stealth
  8825 | Lair:1   | Entered Level 1 of the Lair of Beasts
  8829 | Lair:1   | Found a labyrinth entrance.
  8848 | Lab      | Entered a labyrinth
  8961 | Lab      | Gained mutation: You have sharp fingernails. [evolution]
  9824 | Lab      | Noticed a minotaur
  9836 | Lab      | Killed a minotaur
  9843 | Lab      | Got a faintly glowing flail
  9846 | Lair:1   | Identified the +9 flail of Ojoir {crush, rC+} (You found it in a labyrinth)
  9959 | Lair:1   | Noticed a five-headed hydra
  9971 | Lair:1   | Killed a five-headed hydra
  9993 | Lair:1   | Reached skill level 10 in Armour
 10117 | Lair:1   | Reached ****** piety under Lugonu
 10402 | Lair:1   | Got a pitted flail
 10403 | Lair:1   | Identified the +9 flail of the Boiling Point {crush, +Blink +Inv} (You found it on level 1 of the Lair of Beasts)
 10973 | Lair:2   | Noticed Fannar
 10994 | Lair:2   | Killed Fannar
 10994 | Lair:2   | Reached skill level 10 in Axes
 10994 | Lair:2   | Reached XP level 12. HP: 97/103 MP: 16/16
 10999 | Lair:2   | Noticed a seven-headed hydra
 11006 | Lair:2   | Killed a seven-headed hydra
 11168 | Lair:2   | Reached skill level 10 in Fighting
 11352 | Lair:3   | Found a frozen archway.
 11362 | IceCv    | Entered an ice cave
 11379 | IceCv    | Reached skill level 1 in Maces & Flails
 11472 | IceCv    | Reached skill level 11 in Armour
 11799 | IceCv    | Noticed a frost giant
 11829 | IceCv    | Reached XP level 13. HP: 102/113 MP: 17/17
 11861 | IceCv    | Killed a frost giant
 11894 | IceCv    | Got a bound silver ring
 12047 | IceCv    | Identified the ring "Ketieliw" {SustAt Str+3 Stlth+} (You found it in an ice cave)
 13779 | Lair:5   | Reached skill level 12 in Axes
 14922 | Lair:6   | Gained mutation: You are robust (+10% HP). [potion of beneficial mutation]
 14923 | Lair:6   | Gained mutation: Your muscles are strong. (Str +2) [potion of beneficial mutation]
 14925 | Lair:6   | Lost mutation: You evolve. [potion of mutation]
 15039 | Lair:6   | Found a staircase to the Swamp.
 15217 | Lair:6   | Lost mutation: Your flesh is heat resistant. [potion of mutation]
 15217 | Lair:6   | Lost mutation: You are agile. (Dex +2) [potion of mutation]
 15279 | Lair:6   | Found a hole to the Spider Nest.
 15499 | Lair:6   | Gained mutation: You are completely covered in sharp spines. [demonic ancestry]
 15499 | Lair:6   | Reached XP level 14. HP: 134/134 MP: 18/18
 16034 | Lair:7   | Reached skill level 13 in Axes
 16427 | Lair:8   | Entered Level 8 of the Lair of Beasts
 16506 | Lair:8   | Noticed Clownie's ghost (journeyman CeWn)
 16525 | Lair:8   | Killed Clownie's ghost
 17189 | Lair:8   | Got a pitted amber ring
 17284 | Lair:8   | Found a staircase to the Slime Pits.
 17760 | Swamp:1  | Entered Level 1 of the Swamp
 17773 | Swamp:1  | Lost mutation: You are highly resistant to hostile enchantments. [potion of cure mutation]
 17773 | Swamp:1  | Lost mutation: You have sharp toenails. [potion of cure mutation]
 17773 | Swamp:1  | Lost mutation: Your muscles are strong. (Str +2) [potion of cure mutation]
 17773 | Swamp:1  | Lost mutation: You are completely covered in rugged brown scales (AC +3, +7% HP). [potion of cure mutation]
 17780 | Swamp:1  | HP: 3/135 [giant leech (8)]
 17782 | Swamp:1  | Slain by a giant leech

Action                   |  1- 3 |  4- 6 |  7- 9 | 10-12 | 13-15 || total
-------------------------+-------+-------+-------+-------+-------++-------
Melee: Hand axe          |    41 |   100 |    64 |       |       ||   205
       War axe           |       |       |   130 |   103 |       ||   233
       Battleaxe         |       |       |       |   396 |   457 ||   853
       Flail             |       |       |       |    55 |    50 ||   105
Throw: Tomahawk          |       |       |     5 |       |       ||     5
Invok: Depart the Abyss  |     1 |       |     1 |       |       ||     2
       Banish            |       |       |       |       |     5 ||     5
  Use: Scroll            |     2 |     5 |     7 |    17 |    10 ||    41
       Potion            |       |     2 |       |     2 |    19 ||    23
  Eat: Chunk             |     1 |     9 |    11 |    10 |       ||    31
       Bread ration      |       |       |     1 |       |     3 ||     4
       Fruit             |       |       |     3 |     2 |     8 ||    13
       Royal jelly       |       |       |       |     3 |       ||     3
       Pizza             |       |       |       |     2 |       ||     2
       Beef jerky        |       |       |       |     3 |     2 ||     5
